 Dungeon Crawl Stone Soup version 0.32-a0-314-g526f7d4993 (webtiles) character file.

Game seed: 11103245775022654039

99 senseless the Shield-Bearer (level 4, -1/40 HPs)
             Began as a Mountain Dwarf Fighter on Feb 15, 2024.
             Was a Follower of Okawaru.
             Slain by Natasha (3 damage)
             ... on level 2 of the Dungeon.
             The game lasted 00:01:34 (757 turns).

senseless the Shield-Bearer (Mountain Dwarf Fighter) Turns: 757, Time: 00:01:36

Health: -1/40      AC:  7    Str: 20    XL:     4   Next: 45%
Magic:  4/4        EV:  9    Int:  9    God:    Okawaru [*.....]
Gold:   99         SH:  4    Dex:  9    Spells: 3/3 levels left

rFire   . . .        a - +0 war axe
rCold   . . .        c - +0 buckler
rNeg    . . .        b - +0 scale mail
rPois   .            (no helmet)
rElec   .            (no cloak)
rCorr   .            (no gloves)
SInv    .            (no boots)
Will    .....        (no amulet) Stlth
                     (no ring)
HPRegen 0.26/turn    (no ring)
MPRegen 0.09/turn

%: no passive effects
@: no status effects
A: runic magic, artefact enchanting
a: Renounce Religion, Heroism


You were on level 2 of the Dungeon.
You worshipped Okawaru.
Okawaru was aware of your devotion.
You visited 1 branch of the dungeon, and saw 2 of its levels.

You collected 99 gold pieces.

Inventory:

Hand Weapons
 a - a +0 war axe (weapon)
Armour
 b - a +0 scale mail (worn)
 c - a +0 buckler (worn)
Scrolls
 f - a scroll of fear {unknown}
 g - a scroll of fog {unknown}
 i - a scroll of immolation {unknown}
 k - a scroll of noise {unknown}
 l - a scroll of blinking {unknown}
 m - a scroll of identify {unknown}
 o - a scroll of torment {unknown}
Potions
 d - a potion of might
 e - a potion of haste {unknown}
 h - 2 potions of attraction {unknown}
 j - a potion of lignification {unknown}
 n - a potion of heal wounds {unknown}


   Skills:
 + Level 4.1 Fighting
 + Level 3.5 Axes
 + Level 4.0 Armour
 + Level 4.1 Shields


You had 3 spell levels left.
You didn't know any spells.
Your spell library contained the following spells:

 Spells                   Type           Power      Damage    Failure   Level
 Sublimation of Blood     Necr           0%         N/A       67%         2
 Call Imp                 Summ           Unusable   N/A       N/A         2
 Summon Hydra             Summ           Unusable   N/A       N/A         7

Dungeon Overview and Level Annotations

Branches:
Dungeon (2/15)

Altars:
Okawaru

Shops:
D:1 !

Annotations:
D:2 Natasha


Innate Abilities, Weirdness & Mutations

Your spellcasting is much less encumbered by armour.
You can use scrolls of enchantment on lesser artefacts.


Message History

You are too injured to fight recklessly!
You are too injured to fight recklessly!
You are too injured to fight recklessly!
You are too injured to fight recklessly!
You are too injured to fight recklessly!
You are too injured to fight recklessly!
You are too injured to fight recklessly!
You are too injured to fight recklessly!
You are too injured to fight recklessly!
You are too injured to fight recklessly!
You are too injured to fight recklessly!
Unknown command.
You closely miss Natasha.
Natasha is heavily wounded.
You block the cerulean imp's attack. You block Natasha's attack.
The cerulean imp barely misses you.
You barely miss Natasha.
Natasha is heavily wounded.
Natasha barely misses you. You block the cerulean imp's attack.
Natasha claws you.
You hit Natasha.
Natasha is heavily wounded.
The cerulean imp hits you but does no damage.
Natasha completely misses you.
You barely miss Natasha.
Natasha is heavily wounded.
The cerulean imp hits you from afar with a +2 spear!
* * * LOW HITPOINT WARNING * * *
Natasha claws you but does no damage.
The cerulean imp hits you from afar with a +2 spear.
* * * LOW HITPOINT WARNING * * *
You miss Natasha.
Natasha is heavily wounded.
Natasha stares at you and mumbles some strange words.
The magic dart hits you.
* * * LOW HITPOINT WARNING * * *
The cerulean imp hits you but does no damage.
Natasha claws you.
You die...
Natasha begins licking her fur clean.

.<.≈ ..≈~ #≈~# ##≈.#
#..J. #..5#
...###.h####
#......@..##
######.##..#
###.###.###########..
...........†........#
.##.##########.######
#.# #..# #.# ##.# #.#
#.### #...##


You could see Natasha, a cerulean imp (summoned) and an endoplasm.

Vanquished Creatures
  Natasha (D:2)
  A gnoll (D:1)
  An adder (D:2)
  A dart slug (D:1)
  2 ball pythons (D:1)
  3 bats (D:1)
  6 endoplasms
  2 giant cockroaches
  4 goblins (D:1)
  3 hobgoblins (D:1)
  2 frilled lizards (D:2)
  2 kobolds (D:1)
  3 rats (D:1)
31 creatures vanquished.

Notes
Turn   | Place    | Note
-------+----------+-------------------------------------------
     0 | D:1      | senseless the Mountain Dwarf Fighter began the quest for
                  | the Orb.
     0 | D:1      | Reached XP level 1. HP: 19/19 MP: 1/1
   118 | D:1      | Reached XP level 2. HP: 26/26 MP: 2/2
   197 | D:1      | Reached XP level 3. HP: 23/33 MP: 3/3
   320 | D:1      | Found Neughour's Distillery.
   587 | D:2      | Found a faded altar of an unknown god.
   597 | D:2      | Reached XP level 4. HP: 39/40 MP: 4/4
   608 | D:2      | Prayed at the altar of an unknown god.
   608 | D:2      | Became a worshipper of Warmaster Okawaru
   608 | D:2      | Reached * piety under Okawaru
   716 | D:2      | Noticed Natasha
   723 | D:2      | Killed Natasha
   742 | D:2      | Noticed Natasha
   757 | D:2      | HP: 2/40 [Natasha/magic dart (5)]
   757 | D:2      | Slain by Natasha

Illustrated notes

Levels and vault maps discovered:
D:1:      psy_arrival_whirlpool, layout_basic, serial_shops, shop,
          serial_park_tiny_2
D:2:      layout_rooms, dreamdust_ecumenical_altar_statues, serial_rivers,
          chequers_serial_rivers_small_b, chequers_serial_rivers_micro_d,
          chequers_serial_rivers_small_a, chequers_serial_rivers_marsh,
          uniq_natasha

Skill      XL: |  1  2  3  4 |
---------------+-------------+-----
Axes           | 3 |  3.5
Fighting       | 4 |  4.1
Armour         | 4 |  4.0
Shields        | 4 |  4.1

Action                     |  1- 3 |  4- 6 || total
---------------------------+-------+-------++-------
  Melee: War axe           |    66 |    25 ||    91
 Armour: Scale mail        |    39 |    22 ||    61
  Dodge: Dodged            |    32 |    15 ||    47
  Block: Buckler           |    12 |     8 ||    20

Table legend: (Time is in decaauts)
 A = Elapsed time spent in this place.
 B = Non-inter-level travel time spent in this place.
 C = Inter-level travel time spent in this place.
 D = Time resting spent in this place.
 E = Time spent auto-exploring this place.
 F = Levels seen in this place.
 G = Mean time per level.
                   A        B        C        D        E       F      G
               +--------+--------+--------+--------+--------+-----+--------+
         Total |    795 |    786 |      9 |      0 |    560 |   2 |  397.5 |
       Dungeon |    795 |    786 |      9 |      0 |    560 |   2 |  397.5 |
               +--------+--------+--------+--------+--------+-----+--------+

Top non-repeatable levels by time:
     D:1: 570 daAuts
     D:2: 225 daAuts
